Map: [EWC] Site Delta

Players

ByuN - Winner!

  • Race: Terran Terran
  • Spawn Location: 5:00

Astrea

  • Race: Protoss Protoss
  • Spawn Location: 11:00

Event: Esports World Cup 2024

VOD

Have the link to the VOD?

Description

Time

  • Played on: Aug. 15, 2024, 10:47 a.m.
  • Length: 9:57

All games in this series

Show
View Real Time Build Order
Export as new Build Order

ByuN Terran - Winner!

Build Orders:  

Get SALT Encoding   

  12  0:00  SCV  
  13  0:12  SCV  
  14  0:17  Supply Depot  
  14  0:24  SCV  
  15  0:39  SCV  
  15  0:40  Barracks  
  16  0:42  Refinery  
  16  0:51  SCV  
  17  1:03  SCV  
  18  1:15  SCV  
  19  1:27  Orbital Command, Marine  
  20  1:38  Command Center  
  20  1:49  Barracks Reactor  
  20  1:52  SCV  
  20  1:53  Supply Depot  
  21  2:04  SCV  
  22  2:17  SCV  
  22  2:21  Command Center  
  23  2:25  Marine x2  
  23  2:29  SCV  
  26  2:35  Barracks  
  26  2:41  SCV  
  26  2:43  Marine x2  
  29  2:53  Orbital Command, SCV  
  30  3:01  Marine x2  
  33  3:05  SCV  
  33  3:09  Barracks  
  33  3:19  SCV x2, Marine x2  
  37  3:22  Barracks Tech Lab  
  37  3:31  SCV  
  37  3:32  SCV  
  37  3:33  Orbital Command  
  39  3:37  Marine x2  
  39  3:41  Marine, Stimpack  
  42  3:44  SCV x2  
  42  3:45  Refinery  
  44  3:51  Engineering Bay  
  44  3:56  SCV  
  44  3:57  SCV, Marine x2  
  44  3:59  Marine  
  44  4:01  SCV  
  44  4:02  Marine  
  50  4:07  Bunker  
  51  4:10  Factory  
  53  4:17  SCV x3  
  53  4:19  Refinery  
  53  4:21  Barracks Tech Lab  
  53  4:23  Supply Depot  
  54  4:24  Marine x2  
  54  4:29  SCV x2  
  54  4:30  SCV  
  59  4:35  Terran Infantry Weapons Level 1  
  61  4:44  Marauder  
  61  4:45  Marauder  
  63  4:46  SCV x2  
  63  4:47  Supply Depot, SCV  
  63  4:52  Refinery  
  66  4:54  Orbital Command, Starport  
  66  4:56  Factory Reactor  
  66  4:58  SCV x2  
  66  4:59  SCV  
  69  5:04  Combat Shield  
  69  5:06  Supply Depot  
  69  5:10  SCV x2  
  72  5:16  Marauder x2  
  72  5:18  Marine x2  
  72  5:20  SCV  
  77  5:23  Supply Depot  
  77  5:24  Concussive Shells  
  77  5:27  SCV  
  77  5:28  SCV  
  79  5:32  Supply Depot  
  79  5:33  Barracks x2  
  79  5:40  Medivac x2  
  85  5:44  Marine, Factory Reactor  
  85  5:45  Marine  
  85  5:46  Supply Depot, Marauder  
  85  5:47  Marauder  
  85  5:49  SCV  
  90  5:50  SCV  
  90  5:54  Orbital Command  
  91  6:03  Marine x2  
  92  6:05  Supply Depot  
  92  6:07  Marauder  
  92  6:09  Marauder  
  95  6:13  Medivac  
  95  6:14  Medivac  
  95  6:16  SCV x2  
  101  6:20  Barracks Tech Lab, Barracks Reactor  
  101  6:21  SCV, Marine  
  101  6:23  Marine  
  104  6:28  SCV x2  
  104  6:29  Marauder  
  104  6:30  Supply Depot, Terran Infantry Armor Level 1, Marauder  
  104  6:31  Supply Depot  
  110  6:37  SCV  
  110  6:39  Marine, Marauder  
  103  6:41  Marine  
  103  6:45  Medivac  
  102  6:50  Marauder  
  102  6:51  Marine  
  93  6:57  Marine  
  93  6:59  Marine  
  93  7:00  Marine  
  91  7:02  Marine x2, Widow Mine x2, Medivac  
  91  7:05  SCV  
  91  7:07  SCV  
  95  7:09  Refinery, Marauder  
  95  7:10  SCV, Refinery  
  95  7:11  Marauder  
  95  7:14  Marine  
  95  7:15  Medivac  
  103  7:16  Marine  
  103  7:17  Armory  
  103  7:18  Engineering Bay  
  103  7:21  Marine x2  
  103  7:22  Marauder  
  108  7:24  SCV x3  
  108  7:26  Supply Depot  
  108  7:29  Widow Mine x2  
  114  7:33  Marauder x2  
  114  7:34  Marine x2  
  120  7:39  Marine x2, Medivac  
  120  7:40  SCV x2  
  120  7:41  SCV  
  120  7:43  Supply Depot  
  127  7:45  Medivac  
  129  7:52  SCV, Missile Turret  
  129  7:53  SCV x2  
  129  7:54  Marauder x3  
  129  7:55  Marine x2  
  129  7:57  Marine  
  141  8:00  Supply Depot  
  141  8:02  Supply Depot  
  141  8:05  Marine  
  142  8:06  Sensor Tower  
  132  8:13  Marine x2, Viking  
  132  8:15  Marine x2, Marauder x2, Viking  
  144  8:25  Command Center  
  144  8:33  Marauder  
  146  8:36  Marine x2  
  146  8:37  Marine, Marauder x2  
  146  8:39  Marine  
  154  8:47  Missile Turret  
  153  8:49  SCV x2  
  153  8:51  Missile Turret  
  153  8:54  SCV  
  153  8:56  Missile Turret  
  153  9:00  Marauder x2  
  153  9:01  SCV x2, Marine x2  
  153  9:06  SCV  
  153  9:08  Marine x2  
  154  9:13  SCV x2  
  153  9:18  SCV  
  153  9:20  Marauder  
  153  9:21  Marine x3  
  153  9:22  Marauder, Widow Mine  
  161  9:25  SCV  
  161  9:30  Supply Depot  
Show
View Real Time Build Order
Export as new Build Order

Astrea Protoss 

Build Orders: 1 Gate Expand, Blink Stalkers, Colossus Rush 

Get SALT Encoding   

  12  0:00  Probe  
  13  0:12  Probe  
  14  0:17  Pylon  
  14  0:24  Probe (Chrono Boost)  
  15  0:36  Gateway  
  15  0:37  Probe (Chrono Boost)  
  16  0:43  Probe (Chrono Boost)  
  16  0:48  Assimilator  
  17  0:51  Probe  
  18  1:03  Probe  
  19  1:15  Probe  
  20  1:22  Cybernetics Core  
  20  1:31  Nexus  
  20  1:34  Probe  
  21  1:41  Pylon  
  21  1:46  Probe  
  22  1:49  Assimilator  
  22  1:58  Adept, Probe (Chrono Boost)  
  25  2:01  Warp Gate  
  25  2:08  Probe (Chrono Boost)  
  26  2:13  Probe (Chrono Boost)  
  27  2:22  Twilight Council  
  27  2:24  Probe  
  28  2:31  Stalker  
  31  2:40  Probe (Chrono Boost)  
  31  2:43  Probe (Chrono Boost)  
  32  2:49  Gateway  
  34  2:52  Probe (Chrono Boost)  
  34  2:53  Probe (Chrono Boost)  
  34  2:57  Probe (Chrono Boost)  
  34  3:01  Probe (Chrono Boost)  
  34  3:02  Blink  
  36  3:09  Probe (Chrono Boost)  
  38  3:13  Probe (Chrono Boost)  
  38  3:18  Robotics Facility  
  38  3:19  Probe (Chrono Boost)  
  39  3:21  Probe (Chrono Boost)  
  39  3:24  Probe (Chrono Boost)  
  41  3:30  Probe, Pylon  
  42  3:35  Probe  
  42  3:37  Shield Battery  
  43  3:42  Assimilator, Probe  
  43  3:45  Assimilator  
  43  3:47  Probe  
  45  3:54  Probe  
  46  3:57  Stalker x2  
  46  3:59  Probe  
  49  4:05  Observer (Chrono Boost), Pylon  
  49  4:06  Probe  
  51  4:11  Probe  
  51  4:13  Pylon  
  51  4:16  Observer (Chrono Boost)  
  52  4:19  Probe  
  52  4:24  Stalker x2, Probe  
  59  4:29  Robotics Bay  
  60  4:33  Shield Battery  
  60  4:36  Pylon  
  59  4:38  Immortal (Chrono Boost)  
  63  4:47  Stalker  
  65  4:54  Observer  
  65  4:57  Nexus  
  65  5:05  Charge  
  65  5:14  Colossus (Chrono Boost)  
  71  5:23  Gateway  
  71  5:25  Gateway  
  71  5:27  Gateway x2  
  71  5:28  Extended Thermal Lance  
  71  5:32  Probe x2, Pylon  
  73  5:41  Sentry  
  75  5:45  Probe  
  75  5:47  Probe  
  75  5:48  Pylon  
  77  5:52  Stalker  
  77  5:56  Colossus (Chrono Boost)  
  78  5:59  Probe  
  78  6:00  Probe  
  86  6:10  Zealot  
  88  6:12  Observer  
  88  6:13  Probe  
  87  6:20  Zealot x3  
  87  6:22  Zealot x2  
  97  6:26  Pylon  
  97  6:28  Pylon  
  97  6:34  Warp Prism (Chrono Boost)  
  77  6:47  Stalker x5  
  75  6:54  Zealot  
  75  6:59  Probe  
  78  7:05  Colossus (Chrono Boost)  
  78  7:08  Probe x2  
  84  7:11  Probe, Dark Shrine  
  84  7:14  Sentry x2  
  84  7:15  Zealot x2  
  93  7:18  Zealot  
  93  7:21  Zealot  
  97  7:23  Probe x2  
  97  7:29  Observer  
  95  7:42  Probe, Colossus (Chrono Boost)  
  95  7:43  Zealot x4  
  110  7:47  Pylon  
  110  7:49  Zealot x2  
  114  7:53  Forge  
  114  8:02  Pylon  
  114  8:04  Observer  
  114  8:09  Probe  
  107  8:13  Zealot x3  
  107  8:19  Nexus  
  111  8:23  Dark Templar x3  
  116  8:34  Colossus (Chrono Boost)  
  116  8:39  Shield Battery  
  112  9:00  Zealot x6  
  112  9:02  Observer, Probe x3  
  119  9:05  Pylon  
  117  9:14  Probe  
  117  9:15  Probe  
  117  9:17  Disruptor (Chrono Boost), Robotics Facility  
  117  9:22  Probe  
  120  9:26  Probe  
  120  9:29  Stalker  
  120  9:30  Stalker x5  
  120  9:31  Probe  
  130  9:34  Probe  
  130  9:35  Probe  
  132  9:39  Probe  
  132  9:45  Probe  
Tags
 
Add a new tag
Caveats
  • Supply blocks, unpowered buildings, or Contaminate may cause inaccurate times.
  • Supply counts are checked every 10 seconds.